 Dungeon Crawl Stone Soup version 0.29-a0-200-gc7997b95f3 (webtiles) character file.

Game seed: 15897991510386824348

32 digdongdog the Charlatan (level 3, 0/26 HPs)
             Began as a Demonspawn Wanderer on Feb 23, 2022.
             Slain by Sigmund
             ... wielding a +0 scythe
              (2 damage)
             ... on level 2 of the Dungeon.
             The game lasted 00:01:22 (1430 turns).

digdongdog the Charlatan (Demonspawn Wanderer)      Turns: 1430, Time: 00:01:22

Health: 0/26       AC:  0    Str: 13    XL:     3   Next: 10%
Magic:  4/4        EV: 13    Int: 13    God:
Gold:   96         SH:  0    Dex: 13    Spells: 3/4 levels left

rFire   . . .      SeeInvis .   (weapon currently unavailable)
rCold   . . .      Faith    .   (shield currently unavailable)
rNeg    . . .      Spirit   .   (body armour currently unavailable)
rPois   .          Reflect  .   (helmet currently unavailable)
rElec   .          Harm     .   (cloak currently unavailable)
rCorr   .          Rampage  .   (gloves currently unavailable)
Will    .....                   (boots currently unavailable)
Stlth   +.........              (no amulet)
HPRegen 0.08/turn               (ring currently unavailable)
MPRegen 0.09/turn               (ring currently unavailable)

@: confused, pig-form, very quick
A: fast, no casting, small, foul stench 1, condensation shield
a: no special abilities


You were on level 2 of the Dungeon.
You were a filthy swine.
You visited 1 branch of the dungeon, and saw 2 of its levels.

You collected 96 gold pieces.

Inventory:

Hand Weapons
 a - a +0 shortbow (melded)
 i - a +3 short sword
Armour
 c - a +0 robe (melded)
 f - a +0 chain mail of poison resistance
 l - a scarf of invisibility (melded)
Wands
 b - a wand of flame (3)
Scrolls
 d - a scroll of noise {unknown}
 h - 2 scrolls of teleportation {unknown}
 m - a scroll of identify {unknown}
Potions
 e - 2 potions of heal wounds {unknown}
 g - a potion of mutation {unknown}
 j - a potion of curing {unknown}
 k - a potion of flight {unknown}


   Skills:
 + Level 1.1 Fighting
 + Level 2.9 Bows
 + Level 0.8 Dodging
 - Level 1.0 Spellcasting
 - Level 3.0 Summonings
 * Level 3.5 Evocations


You had 3 spell levels left.
You knew the following spells:

 Your Spells              Type           Power      Damage    Failure   Level
a - Summon Small Mammal   Summ           32%        N/A       9%          1

Your spell library contained the following spells:

 Spells                   Type           Power      Damage    Failure   Level
 Animate Armour           Summ/Erth      8%         N/A       83%         4
 Summon Lightning Spire   Summ/Air       4%         N/A       83%         4


Dungeon Overview and Level Annotations

Branches:
Dungeon (2/15)

Altars:

Annotations:
D:2 Sigmund


Innate Abilities, Weirdness & Mutations

You are a filthy swine.
You move quickly.
Your equipment is almost entirely melded.
You are incapable of wielding weapons or throwing items.
You cannot cast spells.
You may rarely emit foul miasma when damaged in melee.
A meltable shield of frost defends you. (SH +4)


Message History

Your +0 robe melds into your body.
Sigmund misses you. You block the endoplasm's attack.
You hit Sigmund.
Sigmund is lightly wounded.
The endoplasm barely misses you. Sigmund casts a spell at you.
The magic dart hits you.
You hit Sigmund.
Sigmund is lightly wounded.
The endoplasm barely misses you.
Sigmund casts a spell.
Sigmund flickers and vanishes!
Deactivating autopickup; reactivate with Ctrl-A.
You barely miss the endoplasm.
The endoplasm is lightly wounded.
You block the endoplasm's attack. Something barely misses you.
You hit the endoplasm.
The endoplasm is lightly wounded.
The endoplasm freezes you.
You are frozen.
You hit the endoplasm.
The endoplasm is almost dead.
You hear some strange, mumbled words.
You are confused.
The endoplasm freezes you.
You are frozen.
You barely miss something.
You hear some strange, mumbled words.
Something tries to affect you, but you resist.
The endoplasm hits you.
You emit a cloud of foul miasma!
You completely miss something. Something barely misses you.
The endoplasm is engulfed in dark miasma.
The endoplasm seems to slow down.
You kill the endoplasm!
You bump into the rock wall.
Something hits you!
Ouch! That really hurt!
* * * LOW HITPOINT WARNING * * *
Something hits you.
You die...

## P.. .P ###.######
########## ####.........
.......... ............
##.......... ..)........
##........#. #..........
##........#.##..........
##...........#..$.......
...†......#..#.{h.......
..........#..#..........
..######## #.#..........
.....# #....####....
..#### #.##.# ...
..##.#######.##.# ## .
..##.# .P.##.##.#### ..
...'.#######........ ...
..##......#..##.#### ...


There were no monsters in sight!

Vanquished Creatures
  A dart slug (D:1)
  7 ball pythons
  An endoplasm (D:2)
  2 goblins
  2 hobgoblins (D:1)
  2 quokkas (D:1)
  4 frilled lizards
  6 kobolds
  4 rats
29 creatures vanquished.

Vanquished Creatures (collateral kills)
  A hobgoblin (D:1)
1 creature vanquished.

Grand Total: 30 creatures vanquished

Notes
Turn   | Place    | Note
-------+----------+-------------------------------------------
     0 | D:1      | digdongdog the Demonspawn Wanderer began the quest for the
                  | Orb.
     0 | D:1      | digdongdog set off with the following items: a +0 shortbow,
                  | a wand of flame (3), a +0 robe; and the following spell
                  | memorised: Summon Small Mammal; and the following spells
                  | available to memorise: Animate Armour, Summon Lightning
                  | Spire
     0 | D:1      | Reached XP level 1. HP: 13/13 MP: 2/2
   290 | D:1      | Gained mutation: A meltable shield of frost defends you.
                  | (SH +4) [demonic ancestry]
   290 | D:1      | Reached XP level 2. HP: 8/20 MP: 0/3
   878 | D:1      | Found a faded altar of an unknown god.
  1168 | D:2      | Reached skill level 1 in Fighting
  1244 | D:2      | Gained mutation: You may rarely emit foul miasma when
                  | damaged in melee. [demonic ancestry]
  1244 | D:2      | Reached XP level 3. HP: 26/26 MP: 4/4
  1411 | D:2      | Noticed Sigmund
  1428 | D:2      | HP: 1/26 [something (14)]
  1430 | D:2      | Slain by Sigmund

Illustrated notes

Levels and vault maps discovered:
D:1:      dpeg_arrival_rooms_with_view, layout_loops_ring,
          hellmonk_ecumenical_altar_inner_sanctum
D:2:      minmay_kobold_bridge, layout_basic, serial_aquarium,
          aquarium_bridge_long_joined [aquarium_subvault_bridge,
          aquarium_subvault_bridge, aquarium_subvault_balcony,
          aquarium_subvault_bridge, aquarium_subvault_wall,
          aquarium_subvault_bridge], aquarium_bridge_square
          [aquarium_subvault_wall, aquarium_subvault_bridge,
          aquarium_subvault_bridge, aquarium_subvault_window],
          aquarium_window_fake, aquarium_window_3, aquarium_window_corner,
          aquarium_view_2d, aquarium_pool_2, minmay_split_cup_large,
          uniq_sigmund

Skill      XL: |  1  2 |
---------------+-------+-----
Fighting       | 1 |  1.1
Bows           | |  2.9
Dodging        | |  0.8
Spellcasting   | |  1.0
Summonings     | |  3.0
Evocations     | |  3.5

Action                   || total
-------------------------++-------
Melee: Unarmed           ||     7
 Fire: Shortbow          ||    89
 Cast: Summon Small Mamm ||     2
Armor: Robe              ||    10
Dodge: Dodged            ||    25
Block: Other             ||     8

Table legend: (Time is in decaauts)
 A = Elapsed time spent in this place.
 B = Non-inter-level travel time spent in this place.
 C = Inter-level travel time spent in this place.
 D = Time resting spent in this place.
 E = Time spent auto-exploring this place.
 F = Levels seen in this place.
 G = Mean time per level.
                   A        B        C        D        E       F      G
               +--------+--------+--------+--------+--------+-----+--------+
         Total |   1460 |   1433 |     27 |    309 |    891 |   2 |  730.0 |
       Dungeon |   1460 |   1433 |     27 |    309 |    891 |   2 |  730.0 |
               +--------+--------+--------+--------+--------+-----+--------+

Top non-repeatable levels by time:
     D:1: 1078 daAuts
     D:2: 382 daAuts
